 Dungeon Crawl Stone Soup version 0.27-a0-1196-g3e9cee4cb2 (webtiles) character file.

Game seed: 18120502494000021373

20412 bilbop the Protected (level 12, -7/110 HPs)
             Began as a Minotaur Fighter on May 30, 2021.
             Was an Elder of Fedhas.
             Mangled by a six-headed hydra (11 damage)
             ... on level 3 of the Lair of Beasts.
             The game lasted 01:03:28 (17833 turns).

bilbop the Protected (Minotaur Fighter)            Turns: 17833, Time: 01:03:28

Health: -7/110     AC: 24    Str: 24    XL:     12   Next: 45%
Magic:  16/16      EV:  6    Int: 11    God:    Fedhas [****..]
Gold:   511        SH: 18    Dex: 12    Spells: 11/11 levels left

rFire    . . .     SeeInvis .   z - +2 flail (protect)
rCold    . . .     Faith    .   B - +0 tower shield
rNeg     . . .     Spirit   .   X - +2 chain mail {Will+}
rPois    .         Reflect  .   (helmet restricted)
rElec    +         Harm     .   R - +0 cloak
rCorr    .         Rampage  .   a - +0 pair of gloves of Tipoig {rElec}
Will     +....                  (no boots)
Stlth    ..........             Q - amulet of magic regeneration
HPRegen  0.28/turn              s - ring of flight
MPRegen  0.40/turn              S - +6 ring of intelligence

@: under a protective aura, flying
A: horns 2, retaliatory headbutt
a: Renounce Religion, Wall of Briars, Grow Ballistomycete, Overgrow


You were on level 3 of the Lair of Beasts.
You worshipped Fedhas.
Fedhas was greatly pleased with you.
You visited 2 branches of the dungeon, and saw 14 of its levels.

You collected 767 gold pieces.
You spent 256 gold pieces at shops.

Inventory:

Hand Weapons
 z - a +2 flail of protection (weapon)
 K - a +2 mace of protection
 N - a +1 vampiric whip
 P - a +2 vorpal flail
Missiles
 h - 159 sling bullets
 l - 9 curare-tipped darts
 A - 8 atropa-tipped darts
 D - 3 throwing nets
Armour
 a - the +0 pair of gloves of Tipoig (worn) {rElec}
   (You found it on level 1 of the Lair of Beasts)

   It insulates you from electricity.
 c - a +0 kite shield
 r - a +0 pair of gloves
 w - a +0 plate armour
 B - a +0 tower shield (worn)
 R - a +0 cloak (worn)
 V - a +0 troll leather armour
 X - a +2 chain mail of willpower (worn)
Jewellery
 s - a ring of flight (left hand)
 Q - an amulet of magic regeneration (around neck)
 S - a +6 ring of intelligence (right hand)
 Z - an amulet of faith
Wands
 b - a wand of acid (9)
 y - a wand of digging (3)
 C - a wand of mindburst (14)
 E - a wand of charming (11)
 T - a wand of paralysis (11)
 W - a wand of flame (21) (quivered)
 Y - a wand of iceblast (11)
Scrolls
 e - 7 scrolls of teleportation
 i - a scroll of brand weapon {unknown}
 j - a scroll of enchant weapon {unknown}
 o - 4 scrolls of magic mapping
 q - 2 scrolls of blinking {unknown}
 F - a scroll of torment {unknown}
 G - 2 scrolls of fear
 J - a scroll of vulnerability {unknown}
 L - 2 scrolls of immolation
 M - 2 scrolls of enchant armour
 U - a scroll of acquirement {unknown}
Potions
 d - 4 potions of might
 f - 2 potions of resistance
 g - 7 potions of curing
 k - a potion of magic {unknown}
 m - 2 potions of ambrosia {unknown}
 n - a potion of cancellation {unknown}
 p - 3 potions of brilliance {unknown}
 t - a potion of flight {unknown}
 u - 2 potions of lignification {unknown}
 v - a potion of berserk rage {unknown}
 x - a potion of haste {unknown}
 H - a potion of invisibility
 I - 3 potions of heal wounds {unknown}
 O - 2 potions of mutation {unknown}


   Skills:
 + Level 11.3 Fighting
 + Level 11.1 Maces & Flails
 + Level 11.4 Armour
 + Level 11.2 Shields
 + Level 7.3 Invocations
 + Level 6.8 Evocations


You had 11 spell levels left.
You didn't know any spells.
Your spell library contained the following spells:

 Spells                   Type           Power      Damage    Failure   Level
 Sting                    Tmut/Pois      0%         1d3       100%        1
 Summon Small Mammal      Summ           0%         N/A       100%        1
 Call Imp                 Summ           0%         N/A       100%        2
 Call Canine Familiar     Summ           0%         N/A       100%        3
 Summon Guardian Golem    Hex/Summ       0%         N/A       100%        3
 Summon Ice Beast         Ice/Summ       0%         N/A       100%        4
 Summon Lightning Spire   Summ/Air       0%         N/A       100%        4


Dungeon Overview and Level Annotations

Branches:
Dungeon (11/15)            Temple (0/1) D:7            Lair (3/6) D:11
  Swamp: Lair:2-4    Shoals: Lair:2-4     Snake: Lair:2-4    Spider: Lair:2-4
    Orc: D:9-12

Altars:
Cheibriados
Dithmenos
Fedhas
Gozag
Kikubaaqudgha
Okawaru
Sif Muna
Uskayaw
Xom
Yredelemnul
Zin
The Shining One

Shops:
D:2 [   D:3 *   D:6 ?   D:8 :   D:10 *   D:11 (

Annotations:
D:8 3 runed translucent doors, robertstho's ghost, novice DjFE


Innate Abilities, Weirdness & Mutations

You have a pair of horns on your head.
You reflexively headbutt those who attack you in melee.


Message History

Your headbutt misses the six-headed hydra.
The six-headed hydra is severely wounded.
You block the six-headed hydra's attack.
The six-headed hydra bites you! The six-headed hydra bites you.
The six-headed hydra bites you but does no damage. x2
The six-headed hydra bites you!
You hit the six-headed hydra.
The six-headed hydra is severely wounded.
You block the six-headed hydra's attack.
The six-headed hydra bites you but does no damage.
You block the six-headed hydra's attack.
The six-headed hydra bites you but does no damage. x2
You block the six-headed hydra's attack.
The six-headed hydra bites you!
* * * LOW HITPOINT WARNING * * *
The six-headed hydra bites you but does no damage. x2
The six-headed hydra barely misses you.
The six-headed hydra bites you but does no damage.
The six-headed hydra bites you!
* * * LOW HITPOINT WARNING * * *
You sock the six-headed hydra!
The six-headed hydra is almost dead.
The six-headed hydra bites you but does no damage.
You block the six-headed hydra's attack.
The six-headed hydra bites you but does no damage. x2
You block the six-headed hydra's attack.
The six-headed hydra bites you but does no damage.
You hit the six-headed hydra.
You headbutt the six-headed hydra, but do no damage.
The six-headed hydra is almost dead.
The six-headed hydra bites you but does no damage.
The six-headed hydra bites you!
* * * LOW HITPOINT WARNING * * *
You block the six-headed hydra's attack.
The six-headed hydra bites you.
* * * LOW HITPOINT WARNING * * *
You block the six-headed hydra's attack.
The six-headed hydra bites you!
You die...
Fedhas appreciates your contribution to the ecosystem.

##.>.............
#..!.............
###.............. #
##............. #
#P............ ####
#..#.......... .#.######
####............
.†..##P.####.#####..S....##
...#............@D......##
.........#.#.P..#......##
........############..##
........# #.# ..........#
.# ..........# .#
..........# .. .........##
........##


You could see a six-headed hydra and a water moccasin.

Vanquished Creatures
  Harold (Lair:1)
  A hydra (Lair:1)
  3 two-headed ogres
  A deep elf pyromancer (D:11)
  A black mamba (Lair:1)
  A gargoyle (D:10)
  5 cane toads
  An unseen horror (D:11)
  4 komodo dragons
  A rime drake (Lair:1)
  A polar bear (Lair:2)
  Grinder (D:5)
  A troll (D:11)
  A hornet (D:11)
  A shadow (D:11)
  5 wyverns
  18 yaks
  3 wraiths
  3 basilisks
  2 steam dragons
  Edmund (D:5)
  4 water moccasins
  2 acid dragons
  5 orc warriors
  A sky beast (D:7)
  3 ice beasts (D:5)
  2 black bears
  5 necrophages
  An ogre (D:7)
  24 wolves
  3 centaurs
  A phantom (D:5)
  3 kobold brigands
  11 bullfrogs
  A water moccasin zombie (D:5)
  5 scorpions
  A wyvern zombie (D:8)
  5 killer bees (D:10)
  2 wights (D:8)
  A howler monkey (D:5)
  4 centaur zombies
  A bullfrog zombie (D:6)
  4 hounds
  4 jellies
  A human zombie (D:8)
  7 orc priests
  An iguana (shapeshifter) (D:11)
  5 iguanas
  12 orc wizards
  2 killer bee zombies
  A hound zombie (D:5)
  A hound skeleton (D:4)
  2 mummies (D:8)
  3 howler monkey zombies
  6 adders
  A worm (D:4)
  A dart slug (D:1)
  20 orcs
  5 ball pythons
  2 bats
  4 endoplasms
  3 giant cockroaches
  6 goblins
  9 hobgoblins
  3 jackals (D:1)
  21 kobolds
  2 quokkas
  2 frilled lizards
  4 rats
273 creatures vanquished.

Vanquished Creatures (others)
  10 fungi
  10 plants
20 creatures vanquished.

Grand Total: 293 creatures vanquished

Notes
Turn   | Place    | Note
-------+----------+-------------------------------------------
     0 | D:1      | bilbop the Minotaur Fighter began the quest for the Orb.
     0 | D:1      | Reached XP level 1. HP: 19/19 MP: 0/0
   197 | D:1      | Reached XP level 2. HP: 27/27 MP: 1/1
   955 | D:2      | Reached XP level 3. HP: 33/33 MP: 2/2
  1110 | D:2      | Found a faded altar of an unknown god.
  1328 | D:2      | Found Zeka's Antique Armour Boutique.
  1952 | D:3      | Found Reocex's Assorted Antiques.
  1991 | D:3      | Reached XP level 4. HP: 41/41 MP: 3/3
  2371 | D:4      | Noticed a necrophage
  2380 | D:4      | Killed a necrophage
  2381 | D:4      | Reached XP level 5. HP: 42/47 MP: 4/4
  2774 | D:4      | Noticed a black bear
  2786 | D:4      | Killed a black bear
  2787 | D:4      | Reached skill level 5 in Fighting
  2787 | D:4      | Reached skill level 5 in Armour
  2787 | D:4      | Reached skill level 5 in Shields
  2787 | D:4      | Reached XP level 6. HP: 34/56 MP: 5/5
  2912 | D:4      | Found a glowing silver altar of Zin.
  3005 | D:4      | Found an opulent altar of Gozag.
  3175 | D:5      | Entered Level 5 of the Dungeon
  3287 | D:5      | Noticed Grinder
  3288 | D:5      | Noticed an ice beast
  3303 | D:5      | Killed Grinder
  3304 | D:5      | Reached skill level 5 in Maces & Flails
  3304 | D:5      | Reached XP level 7. HP: 29/62 MP: 6/6
  3492 | D:5      | Noticed Edmund
  3517 | D:5      | Killed Edmund
  3728 | D:5      | Reached XP level 8. HP: 54/71 MP: 7/7
  4019 | D:5      | Found a blossoming altar of Fedhas.
  4031 | D:5      | Noticed an oklob plant
  4042 | D:5      | Became a worshipper of Fedhas Madash
  4445 | D:6      | Found a shadowy altar of Dithmenos.
  4458 | D:6      | Found Juruidu's Magic Scroll Boutique.
  4617 | D:6      | Reached skill level 1 in Invocations
  4617 | D:6      | Reached skill level 1 in Evocations
  4906 | D:6      | Reached XP level 9. HP: 80/80 MP: 9/9
  5338 | D:7      | Reached * piety under Fedhas
  5422 | D:7      | Found a staircase to the Ecumenical Temple.
  6305 | D:8      | Found a runed translucent gate.
  6305 | D:8      | Found a runed translucent gate.
  6305 | D:8      | Found a runed translucent gate.
  6305 | D:8      | Noticed robertstho's ghost (novice DjFE)
  6430 | D:8      | Noticed a two-headed ogre
  6444 | D:8      | Killed a two-headed ogre
  6445 | D:8      | Reached XP level 10. HP: 27/90 MP: 10/12
  6712 | D:8      | Reached ** piety under Fedhas
  6862 | D:8      | HP: 4/91 [kobold brigand/+0 short sword (1)]
  7631 | D:8      | Found Ferufuc's Book Emporium.
  8005 | D:8      | Found an ancient bone altar of Kikubaaqudgha.
  8013 | D:8      | Found a shimmering altar of Xom.
  8013 | D:8      | Found a snail-covered altar of Cheibriados.
  8393 | D:8      | Found a basalt altar of Yredelemnul.
  8494 | D:9      | Noticed a two-headed ogre
  8506 | D:9      | Killed a two-headed ogre
  8554 | D:9      | Noticed a two-headed ogre
  8561 | D:9      | Killed a two-headed ogre
  8562 | D:9      | Reached skill level 5 in Invocations
  8658 | D:9      | Found a hide-covered altar of Uskayaw.
  8716 | D:9      | Found an iron altar of Okawaru.
  8823 | D:9      | Found a glowing golden altar of the Shining One.
  9476 | D:3      | Bought a buzzing chain mail for 256 gold pieces
  9476 | D:3      | Identified the +0 chain mail "Nemeps" {+Inv rF+ rN+} (You
                  | bought it in a shop on level 3 of the Dungeon)
  9695 | D:10     | Entered Level 10 of the Dungeon
  9783 | D:10     | Reached *** piety under Fedhas
  9784 | D:10     | Reached XP level 11. HP: 96/99 MP: 12/14
 10382 | D:10     | Reached skill level 5 in Evocations
 10419 | D:10     | Found a shimmering blue altar of Sif Muna.
 10444 | D:10     | Identified Sif Muna's Catalogue of Envenoming
 10489 | D:10     | Found Hureahy's Lightly-Used Armoury.
 10640 | D:10     | Reached skill level 10 in Armour
 10645 | D:10     | Reached skill level 10 in Fighting
 11471 | D:11     | Noticed a deep elf pyromancer
 11496 | D:11     | Killed a deep elf pyromancer
 11497 | D:11     | Reached skill level 10 in Shields
 11670 | D:11     | Noticed a boulder beetle
 12307 | D:11     | Found Onuer's Weapon Emporium.
 12322 | D:11     | Identified the +1 short sword of Geyqi {drain, rF+++ Str-3
                  | Dex-5 Stlth+}
 13063 | D:11     | Found a staircase to the Lair.
 13090 | D:11     | Reached skill level 10 in Maces & Flails
 13450 | D:11     | Paralysed by a hornet for 2 turns
 13853 | Lair:1   | Entered Level 1 of the Lair of Beasts
 13853 | Lair:1   | Noticed an oklob plant
 14018 | Lair:1   | Noticed a six-headed hydra
 14035 | Lair:1   | Killed a six-headed hydra
 14390 | Lair:1   | Reached **** piety under Fedhas
 15081 | Lair:1   | Reached XP level 12. HP: 108/108 MP: 14/16
 15115 | Lair:1   | Identified the +0 pair of gloves of Tipoig {rElec}
 15350 | Lair:1   | Noticed Harold
 15363 | Lair:1   | Killed Harold
 17809 | Lair:3   | Noticed a six-headed hydra
 17833 | Lair:3   | HP: 4/110 [six-headed hydra (6)]
 17833 | Lair:3   | Mangled by a six-headed hydra

Illustrated notes

Levels and vault maps discovered:
D:1:      lightli_iron_boxes, layout_loops_ring, serial_bayou_pond_c,
          nrook_campfire
D:2:      layout_basic, serial_shops, shop_fountains,
          shapermc_ecumenical_altar_notcrosses
D:3:      layout_rooms, serial_shops, nicolae_shop_stone,
          hangedman_decor_clover_reticule, minmay_misc_feat_cross
D:4:      layout_layer_cave, pdpol_temple_overflow_zin_treasury_gozag_greed,
          st_stairs_3, hangedman_decor_slide_cut
D:5:      layout_rooms, tgw_fedhas, minmay_misc_feat_enclosed, uniq_edmund,
          uniq_grinder
D:6:      layout_layer_cave, nicolae_dithmenos_through_a_glass_darkly,
          serial_shops, shop_fountains, minmay_starry_boxes
D:7:      layout_loops_ring, minmay_temple_entry_poolview
D:8:      layout_loops_cross, lemuel_mausoleum_altar_yredelemnul,
          chequers_temple_overflow_statue_of_worship,
          gammafunk_ghost_necromancy, serial_shops, shop
D:9:      layout_basic, nicolae_uskayaw_murder_on_the_dancefloor,
          nicolae_overflow_hidden_temple, okawaru_trees_1, corner_web_ring
D:10:     layout_basic, led_sif_book, minmay_misc_feat_iff, minmay_shop_damaged
D:11:     layout_gridville, erik_lair_dragon, serial_shops, shop
Lair:1:   layout_loops_ring, small_statue_intersection, dpeg_stationary_puzzle,
          uniq_harold
Lair:2:   layout_chaotic_city
Lair:3:   layout_cave_pods, swamp_mist, minmay_snake_entry_six_corridors

Skill      XL: |  1  2  3  4  5  6  7  8  9 10 11 12 |
---------------+-------------------------------------+-----
Armour         | 4 5 6 7 8 9 10 11 | 11.4
Fighting       | 4 5 6 7 8 9 10 11 | 11.3
Maces & Flails | 3 4 5 6 7 8 9 10 11 | 11.1
Shields        | 4 5 6 7 8 9 10 11 | 11.2
Invocations    | 1 4 5 6 7 |  7.3
Evocations     | 1 3 4 6 |  6.8

Action                   |  1- 3 |  4- 6 |  7- 9 | 10-12 || total
-------------------------+-------+-------+-------+-------++-------
Melee: Flail             |    84 |    71 |   295 |   794 ||  1244
       Headbutt          |    10 |    13 |    73 |   189 ||   285
Throw: Dart              |       |       |     3 |    11 ||    14
Invok: Wall of Briars    |       |       |       |     1 ||     1
Evoke: Wand              |       |       |       |    15 ||    15
  Use: Scroll            |       |       |     6 |     7 ||    13
Armor: Scale mail        |    33 |     7 |       |       ||    40
       Plate armour      |       |    43 |   174 |   126 ||   343
       Chain mail        |       |     4 |       |   402 ||   406
Dodge: Dodged            |    30 |    17 |    38 |   136 ||   221
Block: Kite shield       |    44 |    38 |    55 |       ||   137
       Tower shield      |       |       |   189 |   790 ||   979

Table legend: (Time is in decaauts)
 A = Elapsed time spent in this place.
 B = Non-inter-level travel time spent in this place.
 C = Inter-level travel time spent in this place.
 D = Time resting spent in this place.
 E = Time spent auto-exploring this place.
 F = Levels seen in this place.
 G = Mean time per level.
                   A        B        C        D        E       F      G
               +--------+--------+--------+--------+--------+-----+--------+
         Total |  18250 |  17379 |    871 |   4317 |  10166 |  14 | 1303.6 |
       Dungeon |  14204 |  13372 |    832 |   3230 |   7906 |  11 | 1291.3 |
          Lair |   4046 |   4007 |     39 |   1087 |   2260 |   3 | 1348.7 |
               +--------+--------+--------+--------+--------+-----+--------+

Top non-repeatable levels by time:
    D:11: 2853 daAuts
     D:8: 2013 daAuts
  Lair:1: 1909 daAuts
  Lair:2: 1626 daAuts
     D:7: 1471 daAuts
    D:10: 1368 daAuts
     D:5: 1211 daAuts
     D:9: 1022 daAuts
     D:6: 976 daAuts
     D:1: 949 daAuts
     D:2: 916 daAuts
     D:4: 890 daAuts
     D:3: 532 daAuts
  Lair:3: 510 daAuts
